[Event "December 5 Late 2023"]
[Site "https://www.chess.com"]
[Date "2023.12.05"]
[Round "5"]
[White "Khismatullin, Denis"]
[Black "Tokhirjonova, Gulrukhbegim"]
[Result "1-0"]
[Board "25"]
[TimeControl "180+1"]
[WhiteFideId "4142578"]
[BlackFideId "14203626"]
[WhiteElo "2932"]
[BlackElo "2654"]
[WhiteTeam "RUS"]
[BlackTeam "USA"]
[WhiteClock "0:00:50"]
[BlackClock "0:00:04"]

1. e4 e5 2. Nf3 Nc6 3. g3 Bc5 4. Bg2 d6 5. c3 Nf6 6. d3 O-O 7. b4 Bb6 8. O-O h6 9. Nbd2 Be6 10. a4 a5 11. b5 Ne7 12. d4 Ng6 13. h3 Qc8 14. Kh2 c6 15. bxc6 bxc6 16. Ba3 Rd8 17. Rb1 Bc7 18. Re1 Rb8 19. Rxb8 Qxb8 20. Qc2 d5 21. Rb1 Qc8 22. Nxe5 Nxe5 23. dxe5 Bxe5 24. f4 Bc7 25. Be7 Re8 26. Bxf6 gxf6 27. Re1 Qd7 28. Qd1 f5 29. e5 c5 30. Nf3 Rb8 31. Re2 Bd8 32. Rd2 Rb6 33. Ne1 d4 34. cxd4 Bb3 35. dxc5 Qe7 36. Rxd8+ Kg7 37. Qd4 Rg6 38. e6+ 1-0

[Event "December 5 Late 2023"]
[Site "https://www.chess.com"]
[Date "2023.12.05"]
[Round "5"]
[White "Kamsky, Gata"]
[Black "Sturt, Raven"]
[Result "1-0"]
[Board "26"]
[TimeControl "180+1"]
[WhiteFideId "2000024"]
[BlackFideId "2007304"]
[WhiteElo "2932"]
[BlackElo "2653"]
[WhiteTeam "USA"]
[BlackTeam "USA"]
[WhiteClock "0:00:03"]
[BlackClock "0:00:00"]

1. d4 f5 2. c4 Nf6 3. Nc3 g6 4. h4 d6 5. h5 Nxh5 6. Rxh5 gxh5 7. e4 Be6 8. Qxh5+ Bf7 9. Qxf5 Nc6 10. Be3 Bg7 11. Nf3 O-O 12. Ng5 Bg6 13. Qe6+ Kh8 14. O-O-O Qc8 15. Nd5 Bh6 16. Qxc8 Raxc8 17. f3 e5 18. dxe5 Nxe5 19. Ne6 Bxe3+ 20. Nxe3 Rf6 21. Nd4 c6 22. Kd2 Be8 23. Kc3 Bd7 24. b4 Rg8 25. Be2 Rg5 26. g4 Rf4 27. Ng2 Rf6 28. f4 Rxg4 29. Bxg4 Nxg4 30. f5 d5 31. cxd5 cxd5 32. exd5 Kg7 33. Nf4 Kf8 34. Re1 Bxf5 35. Nxf5 Rxf5 36. Ne6+ Kf7 37. d6 Nf6 38. Nd8+ Kg6 39. Nxb7 Rd5 40. Kc4 Rd2 41. a4 h5 42. Kb5 h4 43. Rh1 Kg5 44. a5 Rd4 45. Kc5 Rd2 46. b5 Nd7+ 47. Kc6 Ne5+ 48. Kc7 Rc2+ 49. Kb8 Rb2 50. b6 axb6 51. a6 Ra2 52. Ka7 b5 53. Kb6 Nd7+ 54. Kxb5 Ne5 55. Nc5 Kf5 56. d7 Rb2+ 57. Ka4 Rd2 58. Rxh4 Nxd7 59. Nxd7 Rxd7 60. Kb5 Ke6 61. Kb6 Rd6+ 62. Ka5 Rd5+ 63. Ka4 Rd8 64. a7 Kd5 65. Kb5 1-0

[Event "December 5 Late 2023"]
[Site "https://www.chess.com"]
[Date "2023.12.05"]
[Round "5"]
[White "Papasimakopoulos, Alexandros"]
[Black "Grigoriants, Sergey"]
[Result "1/2-1/2"]
[Board "27"]
[TimeControl "180+1"]
[WhiteFideId "4244125"]
[BlackFideId "4130804"]
[WhiteElo "2650"]
[BlackElo "2929"]
[WhiteTeam "GRE"]
[BlackTeam "HUN"]
[WhiteClock "0:00:04"]
[BlackClock "0:00:04"]

1. d4 Nf6 2. c4 e6 3. Nc3 Bb4 4. Qc2 d5 5. cxd5 exd5 6. Bg5 h6 7. Bxf6 Qxf6 8. e3 c6 9. a3 Bd6 10. Nxd5 Qd8 11. Nc3 O-O 12. Nf3 Re8 13. Be2 Nd7 14. O-O Nf8 15. Rfe1 Ng6 16. Bf1 Bc7 17. g3 h5 18. Bg2 h4 19. e4 Bg4 20. Rad1 Bb6 21. Na4 Qe7 22. Nxb6 axb6 23. Rd2 Rad8 24. Qb3 h3 25. Bh1 Qf6 26. Qe3 c5 27. dxc5 Bxf3 28. Rxd8 Rxd8 29. Bxf3 bxc5 30. b3 Rd4 31. Be2 Ne5 32. f4 Nc6 33. e5 Qf5 34. Bc4 Qc2 35. Qf3 Rd2 36. Bf1 Nd4 37. Qxb7 Rxh2 38. Be2 Rxe2 39. Qc8+ Kh7 40. Qxh3+ Kg8 41. Qc8+ Kh7 42. Qh3+ Kg8 43. Qc8+ Kh7 44. Qh3+ 1/2-1/2

[Event "December 5 Late 2023"]
[Site "https://www.chess.com"]
[Date "2023.12.05"]
[Round "5"]
[White "Maksimovic, Bojan"]
[Black "Cieslak, Patryk"]
[Result "1-0"]
[Board "28"]
[TimeControl "180+1"]
[WhiteFideId "14408120"]
[BlackFideId "21078882"]
[WhiteElo "2918"]
[BlackElo "2649"]
[WhiteTeam "BIH"]
[BlackTeam "POL"]
[WhiteClock "0:00:33"]
[BlackClock "0:00:05"]

1. e4 e5 2. Nf3 Nc6 3. Bb5 a6 4. Ba4 Nf6 5. O-O Nxe4 6. d4 b5 7. Bb3 d5 8. dxe5 Be6 9. Be3 Be7 10. c3 O-O 11. Nbd2 Bg4 12. Nxe4 dxe4 13. Qd5 Qxd5 14. Bxd5 exf3 15. Bxc6 fxg2 16. Kxg2 Rab8 17. b4 f6 18. f4 Be6 19. Bd4 fxe5 20. Bxe5 Rb6 21. Be4 Bd6 22. Bd4 Rbb8 23. f5 Bc4 24. Rf2 Rbe8 25. Bc6 Re2 26. Rxe2 Bxe2 27. Bd5+ Kh8 28. Re1 Bg4 29. Bb7 Bxf5 30. Bxa6 Bd3 31. a4 h6 32. Bxb5 Bxb5 33. axb5 Rb8 34. b6 cxb6 35. Re6 Bf4 36. Rxb6 Rc8 37. Rb7 Bc7 38. b5 Ba5 39. Rxg7 Bxc3 40. Rc7+ Bxd4 41. Rxc8+ Kg7 42. Rc6 1-0

[Event "December 5 Late 2023"]
[Site "https://www.chess.com"]
[Date "2023.12.05"]
[Round "5"]
[White "Sjugirov, Sanan"]
[Black "Krishnan, Varun"]
[Result "1-0"]
[Board "29"]
[TimeControl "180+1"]
[WhiteFideId "4189302"]
[BlackFideId "5054508"]
[WhiteElo "2917"]
[BlackElo "2647"]
[WhiteTeam "HUN"]
[BlackTeam "USA"]
[WhiteClock "0:02:12"]
[BlackClock "0:00:01"]

1. e4 c5 2. Nf3 Nc6 3. Bb5 d6 4. O-O Bd7 5. Re1 Nf6 6. c3 a6 7. Bf1 Bg4 8. h3 Bxf3 9. Qxf3 g6 10. d3 Bg7 11. Be3 Nd7 12. Nd2 O-O 13. Qd1 b5 14. Nf3 b4 15. d4 bxc3 16. bxc3 e5 17. d5 Ne7 18. Qa4 h6 19. Rab1 Qc7 20. Nd2 f5 21. f3 f4 22. Bf2 g5 23. Nc4 a5 24. Rb5 h5 25. Reb1 Nf6 26. Rxa5 Rxa5 27. Qxa5 Qc8 28. Nxd6 Qd7 29. Qxc5 g4 30. hxg4 hxg4 31. Rb7 Qd8 32. Qb6 Qa8 33. Rxe7 g3 34. Bc5 Qxa2 35. Nf5 Nh5 36. Qg6 Rxf5 37. Re8+ Rf8 38. Rxf8# 1-0

[Event "December 5 Late 2023"]
[Site "https://www.chess.com"]
[Date "2023.12.05"]
[Round "5"]
[White "Ehlvest, Jaan"]
[Black "Melkumyan, Hrant"]
[Result "0-1"]
[Board "30"]
[TimeControl "180+1"]
[WhiteFideId "4500016"]
[BlackFideId "13302485"]
[WhiteElo "2645"]
[BlackElo "2908"]
[WhiteTeam "USA"]
[BlackTeam "ARM"]
[WhiteClock "0:00:44"]
[BlackClock "0:00:43"]

1. e4 c6 2. Nc3 d5 3. Nf3 Bg4 4. h3 Bxf3 5. Qxf3 e6 6. g3 Nd7 7. Bg2 Bc5 8. O-O Ne7 9. Rd1 Bd4 10. Ne2 dxe4 11. Qxe4 Bb6 12. d4 Nf6 13. Qf3 O-O 14. Bg5 Nf5 15. c3 h6 16. Bf4 Nd5 17. Bd2 a5 18. a3 a4 19. c4 Nf6 20. Bc3 Ba5 21. Nf4 Nd6 22. Bf1 Re8 23. Rac1 Bxc3 24. bxc3 Qa5 25. Rb1 e5 26. c5 exf4 27. cxd6 fxg3 28. fxg3 Rad8 29. Rxb7 Rxd6 30. Bc4 Rf8 31. Re1 Rd7 32. Rxd7 Nxd7 33. Re7 Nf6 34. Qxc6 Qg5 35. Qf3 Qc1+ 36. Kg2 Qxa3 37. Ra7 Qb2+ 38. Kg1 a3 39. Rxf7 Rxf7 40. Qa8+ Kh7 41. Bxf7 Qxc3 0-1

[Event "December 5 Late 2023"]
[Site "https://www.chess.com"]
[Date "2023.12.05"]
[Round "5"]
[White "Koksal, Ege"]
[Black "Demchenko, Anton"]
[Result "0-1"]
[Board "31"]
[TimeControl "180+1"]
[WhiteFideId "6317626"]
[BlackFideId "4160258"]
[WhiteElo "2630"]
[BlackElo "2891"]
[WhiteTeam "TUR"]
[BlackTeam "SLO"]
[WhiteClock "0:00:16"]
[BlackClock "0:00:13"]

1. c4 e5 2. Nc3 Bb4 3. Nd5 a5 4. e3 Nf6 5. Nxb4 axb4 6. b3 d6 7. Bb2 O-O 8. Nf3 c5 9. d3 Nc6 10. Be2 Bf5 11. O-O h6 12. d4 e4 13. Nh4 Bh7 14. d5 Ne5 15. Bxe5 dxe5 16. g3 Ra3 17. Bg4 Kh8 18. Bf5 g6 19. Bh3 g5 20. Ng2 Rg8 21. Ne1 Ra6 22. Nc2 Qd6 23. a3 g4 24. Bg2 bxa3 25. Nxa3 Bf5 26. Nb5 Qd7 27. Qc2 Rga8 28. Qb2 Rxa1 29. Rxa1 Rxa1+ 30. Qxa1 Qe7 31. Qa8+ Kg7 32. Qb8 Nh7 33. d6 Qd7 34. Qc7 Ng5 35. Qxc5 f6 36. Qc7 Kf7 37. Nc3 Ke6 38. Qxd7+ Kxd7 39. c5 Be6 40. b4 Nf3+ 41. Bxf3 exf3 42. Ne4 f5 43. Nf6+ Kc6 44. Nh5 b6 45. Ng7 Bd7 46. Nh5 bxc5 47. bxc5 Kxc5 48. Nf6 Kxd6 49. e4 Ke6 50. Nd5 Bc6 51. Ne3 Bxe4 52. Nf1 h5 53. Ne3 f4 54. Nf1 Bd3 55. Nd2 Kd5 56. Nb3 Bc2 57. Nd2 Bd1 58. Nb1 Kd4 59. Na3 Ba4 60. Nb1 Kd3 61. h4 Kc2 62. Na3+ Kc3 63. Kh2 Kd3 64. Nb1 Bc2 65. Na3 Ba4 66. gxf4 exf4 67. Nb1 Ke2 68. Kg1 g3 69. Nc3+ Ke1 70. Ne4 Bc2 71. Nxg3 fxg3 72. Kh1 gxf2 73. Kh2 f1=Q 74. Kg3 Qg2+ 75. Kf4 f2 76. Ke5 f1=Q 77. Kd4 Kf2 78. Kc3 Bd1 79. Kb2 Bf3 80. Kc3 Bg4 81. Kd4 Kg3 82. Ke5 Kxh4 83. Kd6 Qff3 84. Ke7 Qge2+ 85. Kd8 Qfd3+ 86. Kc7 Qec2+ 87. Kb6 Qdb3+ 88. Ka5 Qca2# 0-1

[Event "December 5 Late 2023"]
[Site "https://www.chess.com"]
[Date "2023.12.05"]
[Round "5"]
[White "Ashraf, Artin"]
[Black "Golubev, Mikhail"]
[Result "1-0"]
[Board "32"]
[TimeControl "180+1"]
[WhiteFideId "22514805"]
[BlackFideId "14100983"]
[WhiteElo "2887"]
[BlackElo "2633"]
[WhiteTeam "IRI"]
[BlackTeam "UKR"]
[WhiteClock "0:00:08"]
[BlackClock "0:00:00"]

1. e4 c5 2. Nf3 d6 3. d4 Nf6 4. Bb5+ Nbd7 5. Nc3 cxd4 6. Qxd4 e5 7. Qd3 Be7 8. Bg5 O-O 9. Bxd7 Bxd7 10. Bxf6 Bxf6 11. Qxd6 Bc6 12. Qxd8 Rfxd8 13. O-O Rd7 14. Rfd1 Rad8 15. Rxd7 Rxd7 16. a4 g6 17. Kf1 Bg7 18. Ke2 f5 19. Nd2 Kf7 20. f3 h5 21. Nc4 fxe4 22. fxe4 Rd4 23. Nd2 Ke6 24. Nf3 Rb4 25. b3 Bh6 26. Kd3 g5 27. Nd2 Rd4+ 28. Ke2 g4 29. Rd1 a6 30. a5 Bf8 31. Nc4 Rxd1 32. Kxd1 Bb4 33. Na2 Bc5 34. Nd2 Bg1 35. h3 gxh3 36. gxh3 Kf6 37. Nc1 Be3 38. Nd3 Bxd2 39. Kxd2 Bxe4 40. Nc5 Bc6 41. Ke3 Kg5 42. Nd3 e4 43. Nf2 Kh4 44. Kf4 Bd5 45. c4 Bc6 46. b4 e3 47. Kxe3 Kg3 48. Ne4+ Bxe4 49. Kxe4 Kxh3 50. Kf3 Kh4 51. b5 Kg5 52. c5 Kf5 53. c6 1-0

[Event "December 5 Late 2023"]
[Site "https://www.chess.com"]
[Date "2023.12.05"]
[Round "5"]
[White "Alexandre, Anne Shopie Elizabeth"]
[Black "Omelja, Artem"]
[Result "1-0"]
[Board "33"]
[TimeControl "180+1"]
[WhiteFideId "11902418"]
[BlackFideId "14119846"]
[WhiteElo "2864"]
[BlackElo "2627"]
[WhiteTeam "HAI"]
[BlackTeam "UKR"]
[WhiteClock "0:01:24"]
[BlackClock "0:00:03"]

1. d4 Nf6 2. c4 e6 3. Nc3 Bb4 4. e3 O-O 5. Bd3 Re8 6. Ne2 e5 7. O-O exd4 8. exd4 h6 9. d5 Na6 10. a3 Bf8 11. b4 c6 12. dxc6 dxc6 13. Bf4 Bg4 14. c5 Nc7 15. h3 Be6 16. Qc2 Ncd5 17. Bd2 Qd7 18. Nf4 Nxf4 19. Bxf4 Qd4 20. Be3 Qh4 21. Rfe1 g5 22. Bf1 Nd5 23. Nxd5 Bxd5 24. Rad1 Bg7 25. Bc1 Qh5 26. Bb2 Qg6 27. Qc1 Rad8 28. Bxg7 Kxg7 29. Rxe8 Rxe8 30. Bc4 Bxc4 31. Qxc4 Qf6 32. g3 Re7 33. Kg2 Qe5 34. Rd3 Qb2 35. h4 Qf6 36. Rf3 Qe6 37. Qd4+ Qe5 38. Qg4 f6 39. h5 Qd5 40. Kh2 Re1 41. Kg2 Ra1 42. Qc8 Rxa3 43. Qxb7+ Kg8 44. Qb8+ Kf7 45. Qc7+ Ke6 46. Qc8+ Ke5 47. Qf5+ Kd4 48. Qxd5+ Kxd5 49. Rxa3 1-0

[Event "December 5 Late 2023"]
[Site "https://www.chess.com"]
[Date "2023.12.05"]
[Round "5"]
[White "Tanriverdi, Enes"]
[Black "Hong, Andrew"]
[Result "1/2-1/2"]
[Board "34"]
[TimeControl "180+1"]
[WhiteFideId "34543279"]
[BlackFideId "2099438"]
[WhiteElo "2625"]
[BlackElo "2860"]
[WhiteTeam "TUR"]
[BlackTeam "USA"]
[WhiteClock "0:00:15"]
[BlackClock "0:01:28"]

1. d4 Nf6 2. Nf3 d5 3. c4 e6 4. Nc3 Bb4 5. Bg5 h6 6. Bxf6 Qxf6 7. e3 O-O 8. Rc1 Rd8 9. a3 Bf8 10. cxd5 exd5 11. Bd3 c6 12. Ne5 Nd7 13. f4 Nb6 14. O-O Bf5 15. Bxf5 Qxf5 16. g4 Qe6 17. g5 Qf5 18. Kh1 Kh7 19. Ne2 Qe4+ 20. Rf3 Kg8 21. Ng3 Qh7 22. Qe2 Nc8 23. Rg1 Nd6 24. Nh5 Qf5 25. Ng3 Qh7 26. Nh5 Qf5 27. Ng3 Qh7 1/2-1/2

[Event "December 5 Late 2023"]
[Site "https://www.chess.com"]
[Date "2023.12.05"]
[Round "5"]
[White "Bardyk, Artem"]
[Black "Mendes Aaron Reeve"]
[Result "1/2-1/2"]
[Board "35"]
[TimeControl "180+1"]
[WhiteFideId "34349979"]
[BlackFideId "25954938"]
[WhiteElo "2858"]
[BlackElo "2621"]
[WhiteTeam "RUS"]
[BlackTeam "CAN"]
[WhiteClock "0:00:02"]
[BlackClock "0:00:04"]

1. e4 c5 2. c3 Nf6 3. e5 Nd5 4. Nf3 d6 5. Bc4 Nb6 6. Bb3 Nc6 7. exd6 Qxd6 8. O-O Bf5 9. d4 cxd4 10. cxd4 e6 11. Nc3 Rd8 12. d5 exd5 13. Re1+ Be7 14. Nb5 Qd7 15. Be3 O-O 16. Nxa7 Nc4 17. Bxc4 dxc4 18. Qxd7 Bxd7 19. Nxc6 Bxc6 20. Ne5 Bd5 21. Rad1 Be6 22. Bb6 Rxd1 23. Rxd1 Bf6 24. Nd7 Bxd7 25. Rxd7 Bxb2 26. Rc7 Re8 27. Kf1 Bc3 28. g3 Be5 29. Rxc4 Ra8 30. a4 h5 31. a5 g6 32. Ke2 Re8 33. Kf3 Re6 34. Rc8+ Kg7 35. Rd8 Re7 36. Rd5 Bc7 37. Bd4+ f6 38. Rb5 Bd6 39. Rb6 Rd7 40. Ke4 Kf7 41. f4 Be7 42. h3 Bd8 43. Rb5 f5+ 44. Ke3 Be7 45. Be5 Ke6 46. Kf3 Rd3+ 47. Kf2 Rd2+ 48. Kf3 Rd3+ 49. Kf2 Rd7 50. Rb6+ Kf7 51. Kf3 Bc5 52. Rb3 Be7 53. g4 Bd8 54. gxf5 gxf5 55. Rb5 h4 56. Ke3 Kg6 57. Bd4 Re7+ 58. Kd3 Kf7 59. Rxf5+ Kg6 60. Rg5+ Kh6 61. Kc4 Rf7 62. Rg4 Bxa5 63. Rxh4+ Kg6 64. Rg4+ Kh5 65. Be5 Bc7 66. Kd5 b5 67. Ke6 Rh7 68. Rg5+ Kh4 69. Bxc7 Rxc7 70. Rxb5 Kxh3 71. Rg5 Kh4 72. Rg8 Rc6+ 73. Kd5 Rf6 74. Ke5 Rf7 75. f5 Kh5 76. f6 Rc7 77. Kd6 Ra7 78. Ke6 Ra6+ 79. Kf7 Ra7+ 80. Kf8 Ra8+ 81. Kg7 Ra7+ 82. Kf8 Ra8+ 83. Kf7 Ra7+ 84. Ke6 Ra6+ 85. Ke5 Ra5+ 86. Ke4 Ra4+ 87. Kd5 Ra5+ 88. Kd6 Ra6+ 89. Ke7 Ra7+ 90. Ke6 1/2-1/2

[Event "December 5 Late 2023"]
[Site "https://www.chess.com"]
[Date "2023.12.05"]
[Round "5"]
[White "Kazakouski, Valery"]
[Black "Gubajdullin, Alexei"]
[Result "1-0"]
[Board "36"]
[TimeControl "180+1"]
[WhiteFideId "13507443"]
[BlackFideId "4141202"]
[WhiteElo "2849"]
[BlackElo "2613"]
[WhiteTeam "LTU"]
[BlackTeam "RUS"]
[WhiteClock "0:00:08"]
[BlackClock "0:00:40"]

1. e4 g6 2. d4 Bg7 3. Nc3 d6 4. g3 Nf6 5. Bg2 O-O 6. Nge2 Nbd7 7. O-O c5 8. h3 Rb8 9. Be3 b5 10. dxc5 dxc5 11. e5 Nxe5 12. Qxd8 Rxd8 13. Bxc5 Bb7 14. Bxe7 Re8 15. Bxf6 Bxf6 16. Bxb7 Rxb7 17. Rad1 Bg7 18. b3 b4 19. Ne4 Rc7 20. Nd4 f5 21. Nd6 Ree7 22. f4 Nf7 23. Nc4 Re4 24. Nf3 Bc3 25. Rd3 Rce7 26. a3 Kg7 27. Kg2 Re2+ 28. Rf2 bxa3 29. Nxa3 Bb4 30. Nb5 Bc5 31. Nbd4 Rxf2+ 32. Kxf2 Nd6 33. Kg2 Ne4 34. Nc6 Rc7 35. Nfe5 Bd6 36. c4 a6 37. Kf3 h6 38. g4 Bc5 39. gxf5 gxf5 40. b4 Bf8 41. c5 a5 42. Nxa5 Kf6 43. Nd7+ Ke6 44. Nxf8+ Kf7 45. Nd7 Ke7 46. Ne5 Rc8 47. Nac6+ Ke6 48. Nd4+ Kd5 49. Nxf5+ Ke6 50. Kxe4 Rb8 51. Rd6# 1-0

[Event "December 5 Late 2023"]
[Site "https://www.chess.com"]
[Date "2023.12.05"]
[Round "5"]
[White "Shuvalova, Polina"]
[Black "Sivakumar, Shaaketh"]
[Result "0-1"]
[Board "37"]
[TimeControl "180+1"]
[WhiteFideId "24171760"]
[BlackFideId "30940176"]
[WhiteElo "2849"]
[BlackElo "2587"]
[WhiteTeam "RUS"]
[BlackTeam "USA"]
[WhiteClock "0:00:20"]
[BlackClock "0:00:15"]

1. e4 e6 2. d4 d5 3. Nd2 c5 4. exd5 exd5 5. Ngf3 Nc6 6. Bb5 Qe7+ 7. Qe2 Qxe2+ 8. Kxe2 a6 9. Bxc6+ bxc6 10. Re1 f6 11. Nb3 c4 12. Nc5 Kf7 13. b3 a5 14. bxc4 Bxc5 15. dxc5 Ba6 16. Bf4 Bxc4+ 17. Kd2 Ne7 18. Nd4 Rac8 19. Bd6 Ng6 20. Rab1 Rhe8 21. Rb7+ Kg8 22. Rxe8+ Rxe8 23. Nxc6 Re2+ 24. Kc3 Rxf2 25. Nxa5 Be2 26. h3 Bd1 27. Rb2 Kf7 28. c6 Ke6 29. c7 Kd7 30. Nc6 d4+ 31. Kd3 Nf4+ 32. Ke4 Ne6 33. Rb7 Bxc2+ 34. Kd5 Bd3 35. Ne7 Nxc7+ 36. Rxc7+ Ke8 37. Kxd4 Bf1 38. Nd5 Rd2+ 39. Kc5 Bxg2 40. Re7+ Kd8 41. Bc7+ Kc8 42. Nb6+ Kb7 43. Bf4+ Rd7 44. Bd2 Rxe7 45. a4 Re5+ 46. Kd6 Kxb6 47. Bf4 Ra5 48. Be3+ Ka6 49. Bd2 Rxa4 50. Ke7 Rh4 51. Kf7 g6 52. Bc3 Rxh3 53. Bxf6 Rf3 54. Kg7 Rxf6 55. Kxf6 Be4 56. Kg5 Bf5 57. Kh6 Kb5 58. Kg5 h5 59. Kh4 Kc6 60. Kg5 Kd7 61. Kf4 Ke7 62. Kg5 Kf7 63. Kh4 Kf6 64. Kg3 g5 65. Kh2 g4 66. Kg3 Kg5 67. Kh2 h4 68. Kg2 g3 69. Kh1 Kg4 70. Kg1 h3 71. Kh1 Be4+ 72. Kg1 h2+ 73. Kf1 h1=Q+ 74. Ke2 Qf3+ 75. Kd2 Qd3+ 76. Ke1 Qc2 77. Kf1 Qf2# 0-1

[Event "December 5 Late 2023"]
[Site "https://www.chess.com"]
[Date "2023.12.05"]
[Round "5"]
[White "Rustemov, Alexander"]
[Black "Ozates, Tuna"]
[Result "1-0"]
[Board "38"]
[TimeControl "180+1"]
[WhiteFideId "4119002"]
[BlackFideId "6354521"]
[WhiteElo "2835"]
[BlackElo "2585"]
[WhiteTeam "RUS"]
[BlackTeam "TUR"]
[WhiteClock "0:00:36"]
[BlackClock "0:00:00"]

1. d4 Nf6 2. c4 e6 3. Nf3 d5 4. cxd5 exd5 5. Nc3 c6 6. Bg5 g6 7. e3 Bf5 8. Bd3 Bxd3 9. Qxd3 h6 10. Bf4 Nbd7 11. h3 Bg7 12. Bd6 Bf8 13. Bf4 Bg7 14. O-O O-O 15. Rab1 a5 16. Qc2 Re8 17. a3 b5 18. Ne5 Nxe5 19. Bxe5 Nd7 20. Bxg7 Kxg7 21. a4 b4 22. Ne2 Rc8 23. Nf4 Qf6 24. Nd3 Qd6 25. Rbc1 f5 26. Qd2 Nf6 27. Rc2 g5 28. Rfc1 Ne4 29. Qd1 Kh7 30. Qh5 Re7 31. Qf3 Qe6 32. Nc5 Qg6 33. Nd3 g4 34. Qf4 gxh3 35. g3 Ng5 36. Ne5 Rxe5 37. dxe5 h2+ 38. Kh1 Ne4 39. Kxh2 c5 40. Kg2 c4 41. Rh1 b3 42. Rcc1 Re8 43. Rcd1 Rd8 44. Rd4 Ng5 45. Qh4 Ne6 46. Qe7+ Kg8 47. Rdh4 Qg5 48. Qxe6+ 1-0

[Event "December 5 Late 2023"]
[Site "https://www.chess.com"]
[Date "2023.12.05"]
[Round "5"]
[White "Mendez Fortes, Eduardo Jesus"]
[Black "Yuan, Qingyu"]
[Result "1-0"]
[Board "39"]
[TimeControl "180+1"]
[WhiteFideId "3502376"]
[BlackFideId "8609772"]
[WhiteElo "2578"]
[BlackElo "2827"]
[WhiteTeam "CUB"]
[BlackTeam "CHN"]
[WhiteClock "0:00:12"]
[BlackClock "0:00:00"]

1. e4 e5 2. Nf3 Nc6 3. Bb5 Nf6 4. d3 Bc5 5. c3 d5 6. Nxe5 O-O 7. Bxc6 bxc6 8. d4 Qe8 9. exd5 cxd5 10. O-O Bd6 11. Bf4 a5 12. Re1 Qb5 13. Qb3 Qa6 14. Nd2 Bf5 15. Qd1 Rab8 16. Qc1 h6 17. Nb3 Rfe8 18. h3 Qb5 19. Bg3 a4 20. Nc5 Bxc5 21. dxc5 Qxc5 22. Nf3 Ne4 23. Nd4 Bg6 24. Kh2 Qb6 25. b4 Rbc8 26. a3 c5 27. bxc5 Qxc5 28. Qf4 Qxc3 29. Nf3 Re6 30. Rec1 Rec6 31. Rxc3 Nxc3 32. Re1 Rc4 33. Qd2 Be4 34. Ne5 R4c5 35. f3 Bf5 36. Bf2 Rb5 37. Rc1 Rb3 38. Bd4 Nb5 39. Rxc8+ Bxc8 40. Nc6 Be6 41. Nd8 Rxa3 42. Nxe6 fxe6 43. Be5 Rb3 44. Qc2 1-0

[Event "December 5 Late 2023"]
[Site "https://www.chess.com"]
[Date "2023.12.05"]
[Round "5"]
[White "Cervantes Landeiro, Thalia"]
[Black "Gadimbayli, Abdulla"]
[Result "0-1"]
[Board "40"]
[TimeControl "180+1"]
[WhiteFideId "3520498"]
[BlackFideId "13404938"]
[WhiteElo "2548"]
[BlackElo "2824"]
[WhiteTeam "USA"]
[BlackTeam "AZE"]
[WhiteClock "0:00:00"]
[BlackClock "0:00:11"]

1. d4 d5 2. c4 e5 3. dxe5 d4 4. Nf3 Nc6 5. Bf4 Nge7 6. Nbd2 Ng6 7. Bg3 a5 8. h4 h5 9. a3 Bf5 10. Nb3 Qe7 11. Nbxd4 O-O-O 12. e3 Ngxe5 13. Nxe5 Nxe5 14. Qa4 Rxd4 15. Qxa5 Nd3+ 16. Bxd3 Bxd3 17. Qa8+ Kd7 18. Qxb7 Ke8 19. Qb5+ Rd7 20. O-O-O Qe4 21. Qb8+ Rd8 22. Qxc7 Be7 23. Bf4 Qxc4+ 24. Qxc4 Bxc4 25. Rxd8+ Kxd8 26. Kc2 Be6 27. f3 Kd7 28. Rd1+ Kc6 29. e4 Bf6 30. e5 Be7 31. Bg3 Rc8 32. f4 Kb5+ 33. Kb1 Bf5+ 34. Ka2 Rc2 35. Rd5+ Kc6 36. Ra5 Be6+ 37. Kb1 Rxg2 38. Be1 Rg1 39. Kc2 Rxe1 0-1

[Event "December 5 Late 2023"]
[Site "https://www.chess.com"]
[Date "2023.12.05"]
[Round "5"]
[White "Suder, Jakub"]
[Black "KhalilMousavi98"]
[Result "0-1"]
[Board "41"]
[TimeControl "180+1"]
[WhiteFideId "1195310"]
[WhiteElo "2547"]
[BlackElo "2808"]
[WhiteTeam "POL"]
[WhiteClock "0:00:44"]
[BlackClock "0:01:14"]

1. d4 Nf6 2. c4 e6 3. Nc3 Bb4 4. f3 c5 5. d5 b5 6. e4 bxc4 7. Bxc4 exd5 8. Bxd5 Nxd5 9. Qxd5 Nc6 10. Ne2 Ba6 11. Kf2 O-O 12. Be3 Qe7 13. Rhd1 Ne5 14. Kg1 Nc4 15. Bg5 Qe6 16. b3 Nb2 17. Rdb1 Nd3 18. a3 Ba5 19. b4 Bb6 20. b5 c4+ 21. Kf1 Bb7 22. Qxb7 Qe5 23. Nd5 Qxg5 24. Nxb6 Qe3 0-1

[Event "December 5 Late 2023"]
[Site "https://www.chess.com"]
[Date "2023.12.05"]
[Round "5"]
[White "Korchynskyi, Mykola"]
[Black "Holt, Conrad"]
[Result "0-1"]
[Board "42"]
[TimeControl "180+1"]
[WhiteFideId "34138005"]
[BlackFideId "2034387"]
[WhiteElo "2542"]
[BlackElo "2801"]
[WhiteTeam "UKR"]
[BlackTeam "USA"]
[WhiteClock "0:00:03"]
[BlackClock "0:00:03"]

1. d4 d5 2. c4 c6 3. Nc3 dxc4 4. a4 e5 5. e3 exd4 6. exd4 Be6 7. Nf3 Nf6 8. Be3 Bb4 9. Be2 O-O 10. O-O Nbd7 11. Rc1 Nb6 12. Qc2 Re8 13. Bg5 h6 14. Bh4 Bxc3 15. bxc3 Bf5 16. Qxf5 Rxe2 17. Ne5 Nbd5 18. Nxc4 Qe7 19. Ne5 Qe6 20. Qf3 Ra2 21. Rfe1 Rxa4 22. c4 Nb6 23. Bxf6 Qxf6 24. Qb3 Ra5 25. c5 Rb5 26. Qg3 Nd5 27. h3 a5 28. Ng4 Qg6 29. Re5 a4 30. Rce1 Kh7 31. Re8 Rb1 32. Kh2 Rxe1 33. Rxa8 Qb1 34. Qb8 Rh1+ 35. Kg3 Qd3+ 36. f3 Qxd4 37. Ne5 Qf4+ 38. Kf2 Qh4+ 39. g3 Qd4+ 40. Kg2 Qg1# 0-1

[Event "December 5 Late 2023"]
[Site "https://www.chess.com"]
[Date "2023.12.05"]
[Round "5"]
[White "Prithu Gupta"]
[Black "Hamidi, Amir Mohammad"]
[Result "0-1"]
[Board "43"]
[TimeControl "180+1"]
[WhiteFideId "46618546"]
[BlackFideId "12563285"]
[WhiteElo "2539"]
[BlackElo "2797"]
[WhiteTeam "IND"]
[BlackTeam "IRI"]
[WhiteClock "0:00:00"]
[BlackClock "0:01:42"]

1. d4 Nf6 2. c4 e6 3. Nf3 Bb4+ 4. Bd2 Qe7 5. e3 b6 6. Bd3 Bb7 7. O-O Bxd2 8. Nbxd2 O-O 9. e4 d6 10. Qe2 e5 11. b4 Nc6 12. dxe5 dxe5 13. a3 a5 14. b5 Nb8 15. Nb1 Nbd7 16. Nc3 Nc5 17. Bc2 Rad8 18. Nd5 Bxd5 19. exd5 Rfe8 20. Rfe1 Nfd7 21. Qe3 g6 22. h4 Kg7 23. h5 Qf6 24. h6+ Kg8 25. Ng5 Qe7 26. Rad1 Nb7 27. Qg3 Nd6 28. f4 exf4 29. Qxf4 Qf8 30. Nf3 Rxe1+ 31. Rxe1 Re8 32. Rf1 Qe7 33. Kh1 f6 34. Nd4 Nc5 35. Qxf6 Qxf6 36. Rxf6 Nxc4 37. Rc6 Re7 38. Ne6 Nxe6 39. dxe6 Nd6 40. Bd3 Kf8 41. Kh2 Ke8 42. Kg3 Rxe6 43. Rxc7 Re3+ 44. Kf4 Rxd3 45. Rxh7 Rd5 46. Rg7 Rh5 47. Rxg6 Nf7 48. Rxb6 Nxh6 49. g4 Rh4 50. Kg5 Rh1 51. Rxh6 Ra1 0-1

[Event "December 5 Late 2023"]
[Site "https://www.chess.com"]
[Date "2023.12.05"]
[Round "5"]
[White "Petukhov, Dmitry"]
[Black "Kosteniuk, Alexandra"]
[Result "1/2-1/2"]
[Board "44"]
[TimeControl "180+1"]
[WhiteFideId "4142748"]
[BlackFideId "4128125"]
[WhiteElo "2534"]
[BlackElo "2747"]
[WhiteTeam "RUS"]
[BlackTeam "SUI"]
[WhiteClock "0:00:13"]
[BlackClock "0:00:03"]

1. e4 c6 2. d4 d5 3. Nd2 dxe4 4. Nxe4 Nf6 5. Nxf6+ exf6 6. c3 Bd6 7. Bd3 Nd7 8. Qh5 Nf8 9. Ne2 Ng6 10. O-O Bd7 11. Re1 O-O 12. Ng3 Qc7 13. Nf5 Bxf5 14. Bxf5 Rfe8 15. Bd2 Nf8 16. Bc2 Re6 17. Bb3 Ree8 18. h3 Ng6 19. Rad1 Rad8 20. Bc1 Bh2+ 21. Kh1 Bd6 22. Kg1 b5 23. a4 a6 24. Qf3 c5 25. dxc5 Bxc5 26. Rxd8 Rxd8 27. Be3 Bd6 28. Bd4 Be5 29. Be3 Nf8 30. axb5 axb5 31. Rd1 Ne6 32. Rd5 Ra8 33. g3 Qb7 34. Kg2 Rb8 35. Kh2 h6 36. Qd1 Nf8 37. Bc5 Ne6 38. Be3 Nf8 39. Rd8 Qc7 40. Rxb8 Qxb8 41. Qd5 Ne6 42. Qd7 Bc7 43. Bxe6 fxe6 44. Qxe6+ Kh7 45. Qf5+ Kg8 46. b4 Be5 47. Qe6+ Kh7 48. Bd4 Bd6 49. Bc5 Be5 50. Bd4 Bd6 51. Qd7 Kh8 52. Qc6 Bc7 53. Bc5 Be5 54. Bd4 Bd6 55. h4 Bc7 56. h5 Bd6 57. Qe4 Bc7 58. Qe6 Bd6 59. Qf5 Qb7 60. Qe6 Bf8 61. Qe8 Qe7 62. Qxe7 Bxe7 63. Kg2 Kg8 64. Kf3 Kf7 65. Ke4 Ke6 66. Bc5 f5+ 67. Kd4 Bf6+ 68. Kd3 Kd5 69. Bd4 Bxd4 70. cxd4 Ke6 71. Ke3 Kd5 72. Kd3 Ke6 73. Ke3 Kd5 74. Kd3 1/2-1/2